 Dungeon Crawl Stone Soup version 0.23.1-37-gaa34b87b72 (webtiles) character file.

Game seed: 17667236017874340365

59759 GreaterElenko the Warrior (level 14, -19/73 HPs)
             Began as a Felid Earth Elementalist on Mar 21, 2019.
             Was the Champion of Ru.
             Demolished by a spark wasp (33 damage)
             ... on level 2 of the Spider Nest on Mar 27, 2019.
             The game lasted 02:34:16 (49363 turns).

GreaterElenko the Warrior (FeEE)                   Turns: 49363, Time: 02:34:17

Health: -19/73     AC:  3    Str:  3    XL:     14   Next: 54%
Magic:  2/28       EV: 15    Int: 21    God:    Ru [******]
Gold:   898        SH:  0    Dex: 18    Spells: 7/31 levels left
                                        Lives:  0   Deaths: 2

rFire    . . .     SeeInvis +   (weapon unavailable)
rCold    + . .     Gourm    .   (shield unavailable)
rNeg     . . .     Faith    .   (armour unavailable)
rPois    +         Spirit   .   (helmet unavailable)
rElec    .         Reflect  .   (cloak unavailable)
rCorr    .         Harm     .   (gloves unavailable)
MR       ++...                  (boots unavailable)
Stlth    ++++++....             (no amulet)
HPRegen  0.22/turn              l - ring of wizardry
MPRegen  0.21/turn              z - ring of poison resistance

@: exhausted, heavily drained, quick
A: very small, no armour, no weapons or thrown items, stealth, claws 1, fangs 3,
see invisible, carnivore, speed 1, shaggy fur 3, slow metabolism 1, weak 1,
hated by all, inability to train dodging, inexperienced 1, sharp paws
a: Draw Out Power, Power Leap, Apocalypse, Renounce Religion


You were on level 2 of the Spider Nest.
You worshipped Ru.
Ru was exalted by your worship.
You were not hungry.

You visited 6 branches of the dungeon, and saw 28 of its levels.
You also visited: Sewer.

You collected 2201 gold pieces.
You spent 1303 gold pieces at shops.

Inventory:

Missiles
 b - 167 stones
 D - 5 throwing nets {!f}
Jewellery
 j - a +4 ring of evasion
   (You found it on level 1 of the Dungeon)
 l - a ring of wizardry (left paw)
   (You found it on level 2 of the Dungeon)
 z - a ring of poison resistance (right paw)
   (You found it on level 8 of the Dungeon)
 A - an uncursed ring of protection from fire {unknown}
   (You found it on level 1 of the Spider Nest)
 F - the ring "Roggalib" {rC+ AC+2 Str+2 Slay+2}
   (You bought it in a shop on level 6 of the Dungeon)

   [ring of protection]

   It affects your AC (+2).
   It affects your strength (+2).
   It affects your accuracy and damage with ranged weapons and melee attacks
   (+2).
   It protects you from cold.
 H - an uncursed ring of magical power {unknown}
   (You found it on level 2 of the Shoals)
 L - a +3 ring of protection
   (You found it on level 1 of the Lair of Beasts)
Wands
 c - a wand of disintegration (17)
   (You found it in a sewer)
 d - a wand of iceblast (9)
   (You bought it in a shop on level 2 of the Orcish Mines)
 p - a wand of polymorph (17)
   (You found it on level 10 of the Dungeon)
 t - a wand of flame (20)
   (You took it off Psyche on level 8 of the Dungeon)
 u - a wand of paralysis (8)
   (You took it off a crimson imp on level 6 of the Dungeon)
 x - a wand of acid (11)
   (You took it off a big kobold on level 9 of the Dungeon)
 M - a wand of clouds (5)
   (You found it on level 2 of the Shoals)
 Q - a wand of scattershot (5)
   (You found it on level 11 of the Dungeon)
Scrolls
 f - 5 scrolls of teleportation {@r4}
 g - 7 scrolls of amnesia
 k - 5 scrolls of immolation {!r}
 s - 2 scrolls of blinking
 y - 6 scrolls of fog
 J - 3 scrolls of fear
 K - a scroll of magic mapping
 R - 15 scrolls of remove curse {@r2}
Potions
 a - 10 potions of curing {@q1}
 h - 4 potions of resistance
 i - 4 potions of agility
 m - 6 potions of brilliance
 n - 2 potions of cancellation
 o - 3 potions of flight
 q - 7 potions of might
 r - 3 potions of ambrosia
 v - 3 potions of mutation {!q}
 B - 6 potions of haste {@q3}
 C - 5 potions of heal wounds {@q2}
 E - 5 potions of lignification {!q}
 I - 2 potions of invisibility
 P - 2 potions of berserk rage
Miscellaneous
 w - a lamp of fire
   (You bought it in a shop on level 2 of the Orcish Mines)
 S - a phial of floods
   (You found it on level 13 of the Dungeon)
Comestibles
 e - 42 rations {!d}


   Skills:
 + Level 15.4(12.6) Fighting
 - Level 15.0(12.2) Stealth
 * Level 9.4(6.9) Spellcasting
 - Level 4.0(1.9) Conjurations
 - Level 6.0(3.8) Charms
 - Level 1.1(0.0) Transmutations
 - Level 4.0(1.9) Ice Magic
 + Level 14.1(11.4) Earth Magic
 - Level 6.3(4.1) Poison Magic
 - Level 8.7(6.3) Evocations


You had 7 spell levels left.
You knew the following spells:

 Your Spells              Type           Power        Failure   Level  Hunger
a - Sandblast             Erth           ######       1%          1    None
b - Lee's Rapid Deconstr  Erth           ######....   1%          5    #####..
c - Petrify               Tmut/Erth      ####....     3%          4    ###....
d - Ozocubu's Armour      Chrm/Ice       ###.....     3%          3    #......
e - Blink                 Tloc           N/A          6%          2    None
q - Passwall              Tmut/Erth      ####....     1%          2    None
x - Stone Arrow           Conj/Erth      #####.       1%          3    #......
y - Olgreb's Toxic Radia  Pois           ###.....     6%          4    ###....

Your spell library contained the following spells:

 Spells                   Type           Power        Failure   Level  Hunger
 Freeze                   Ice            ###.         1%          1    None
 Sting                    Conj/Pois      ###.         1%          1    None
 Poisonous Vapours        Pois/Air       ###...       2%          2    None
 Shroud of Golubria       Chrm/Tloc      ###.......   2%          2    None
 Throw Frost              Conj/Ice       ###...       2%          2    None
 Apportation              Tloc           #.....       3%          1    None
 Corona                   Hex            #......      3%          1    None
 Pain                     Necr           #...         3%          1    None
 Leda's Liquefaction      Hex/Erth       ####......   3%          4    ###....
 Mephitic Cloud           Conj/Pois/Air  ###.....     4%          3    #......
 Regeneration             Chrm/Necr      ###.......   4%          3    #......
 Slow                     Hex            #.......     6%          2    None
 Gell's Gravitas          Tloc           #.........   11%         3    #......
 Inner Flame              Hex/Fire       #.......     11%         3    #......
 Lesser Beckoning         Tloc           #.........   11%         3    #......
 Teleport Other           Tloc           #.......     11%         3    #......
 Tukima's Dance           Hex            #.......     11%         3    #......
 Vampiric Draining        Necr           #.........   11%         3    #......
 Throw Icicle             Conj/Ice       ###.....     16%         4    ###....
 Venom Bolt               Conj/Pois      ###.......   26%         5    #####..
 Cause Fear               Hex            #.........   32%         4    ###....
 Passage of Golubria      Tloc           N/A          32%         4    ###....
 Alistair's Intoxication  Tmut/Pois      ###.....     38%         5    #####..
 Invisibility             Hex            #.......     99%         6    ######.
 Animate Skeleton         Necr           Unusable     N/A         1    N/A
 Summon Butterflies       Summ           Unusable     N/A         1    N/A
 Portal Projectile        Hex/Tloc       Unusable     N/A         3    N/A
 Summon Ice Beast         Ice/Summ       Unusable     N/A         4    N/A
 Animate Dead             Necr           Unusable     N/A         4    N/A

Dungeon Overview and Level Annotations

Branches:
Dungeon (13/15)            Temple (1/1) D:6            Lair (6/6) D:8
 Shoals (4/4) Lair:4       Spider (2/4) Lair:4        Slime (0/5) Lair:5
    Orc (2/2) D:12            Elf (0/3) Orc:2
 Vaults: D:13-14

Altars:
Ashenzari
Cheibriados
Dithmenos
Elyvilon
Fedhas
Gozag
Hepliaklqana
Kikubaaqudgha
Makhleb
Nemelex Xobeh
Okawaru
Qazlal
Ru
Sif Muna
Trog
Uskayaw
Vehumet
Wu Jian
Xom
Yredelemnul
Zin
The Shining One
Beogh
Jiyva

Shops:
D:6 =   D:7 !   D:8 %?%((   D:11 *   D:12 [   Orc:2 [[(}   Shoals:1 (**

Annotations:
D:4 PentaManta's ghost, amateur KoHu
D:7 4 runed translucent doors
D:12 exclusion: door
Lair:5 1 runed translucent door
Shoals:1 3 runed translucent doors, exclusion: obsidian statue, Witt's ghost, adept GrFi
Shoals:2 2 transporters


Innate Abilities, Weirdness & Mutations

You cannot wear armour.
You are incapable of wielding weapons or throwing items.
Your paws allow you to move quietly. (Stealth)
You have sharp claws.
You have razor-sharp teeth.
You have supernaturally acute eyesight. (SInv)
You are carnivorous and can eat meat at any time.
You cover ground quickly.
Your thick and shaggy fur keeps you warm. (AC +3, rC+)
You have a slow metabolism.
You are weak. (Str -2)
You are hated by all.
You cannot train Dodging skill.
You are somewhat inexperienced. (-2 XL)
Your sharp claws are effective at attacking unaware monsters.


Message History

Okay, then.
Unknown command.
Unknown command.
Unknown command.
The jumping spider is too close now for your liking.
A jumping spider is nearby!
You begin to radiate toxic energy.
The jumping spider hisses angrily.
The jumping spider is poisoned.
A spark wasp comes into view.
Aim: a jumping spider (lightly wounded, poisoned, clinging)
The stone arrow hits the jumping spider!
The spark wasp buzzes angrily.
The jumping spider looks even sicker.
The redback is poisoned.
The spark wasp is poisoned.
The jumping spider barely misses you. The jumping spider bites you.
Your toxic radiance grows in intensity.
The redback is poisoned.
Unknown command.
Unknown command.
You barely miss the redback.
The jumping spider looks even sicker.
The redback looks even sicker.
The redback bites you.
Unknown command.
You scratch the redback.
You kill the jumping spider!
The redback looks even sicker.
The redback bites you.
You focus your will and illuminate the redback in retribution!
Unknown command.
Unknown command.
Your toxic radiance grows in intensity.
You redirect the redback's attack!
The redback bites itself!
The redback dies!
Unknown command.
Unknown command.
Aim: a spark wasp (lightly wounded, poisoned)
The stone arrow hits the spark wasp.
The redback looks even sicker.
The spark wasp looks even sicker.
The spark wasp begins to attack, but is stunned by your will!
Aim: a spark wasp (moderately wounded, poisoned)
The stone arrow hits the spark wasp!
The spark wasp looks even sicker.
The spark wasp stings you!!
* * * LOW HITPOINT WARNING * * *
The spark wasp shocks you!
* * * LOW HITPOINT WARNING * * *
The spark wasp barely misses you.
Aim: a spark wasp (heavily wounded, poisoned)
The bolt of acid hits the spark wasp!
The spark wasp is splashed with acid.
Your toxic aura wanes.
You feel a bit more experienced. The spark wasp stings you!!
You die...

...#..#..^#.#....##.....#
.#.#.#^^.#....##...##..#
....(.....^.....#s....####
#.#....#...#.s........#
.......#...^.##...#...###
.#.#.........^#..^.#...#
..%##...#...#..........#
.#^...#..#.#y##..#...###
#....#...#@#†..#...#
..#....^####.<..#..(.#
^...#... ##.###..###
#.#.^# ### ### #.. ..


You could see a spark wasp.

Vanquished Creatures
  2 orc warlords
  An emperor scorpion (Spider:2)
  2 entropy weavers
  An ettin (Orc:1)
  Snorg (Lair:5)
  3 merfolk javelineers (Shoals:4)
  4 merfolk impalers
  Harold (D:10)
  6 hydras
  2 merfolk avatars
  4 ogre magi (Orc:2)
  4 merfolk aquamancers
  6 death yaks (Lair:2)
  2 orc high priests (Orc:1)
  18 two-headed ogres
  8 skeletal warriors
  A fire crab (Lair:6)
  6 sea snakes
  8 harpies
  Pikel (D:6)
  A lindwurm (Lair:6)
  6 wolf spiders
  6 manticores
  4 orc knights
  3 orb spiders
  2 ugly things
  A deep elf mage (D:12)
  2 orc sorcerers
  6 cyclopes
  4 fauns (Shoals:3)
  7 merfolk sirens
  Maurice (D:9)
  5 elephants (Lair:5)
  3 centaur zombies
  Joseph (D:8)
  Psyche (D:8)
  2 water nymphs
  A guardian serpent (D:13)
  3 black mambas
  A torpor snail (Spider:1)
  A gargoyle (D:13)
  2 centaur skeletons
  An efreet (D:13)
  2 rime drakes (Lair:6)
  27 spiny frogs
  8 komodo dragons
  20 merfolk
  4 demonic crawlers (Spider:1)
  3 meliai (Spider:1)
  8 jumping spiders
  5 trolls
  3 tyrant leeches (Lair:6)
  2 polar bears
  A wind drake (Shoals:1)
  A queen bee (Spider:1)
  A hornet (D:10)
  12 blink frogs (Lair:6)
  8 hippogriffs
  11 dream sheep
  Prince Ribbit (D:6)
  3 slime creatures
  5 snapping turtles
  A meliai zombie (D:10)
  16 redbacks
  A shadow (D:12)
  6 tarantellas
  Sigmund (D:3)
  40 yaks
  5 wyverns
  2 basilisks
  7 water elementals
  A hog (Lair:3)
  A hungry ghost (D:8)
  6 vampire mosquitoes
  A steam dragon (D:10)
  6 wargs
  8 water moccasins
  3 soldier ants
  Duvessa (D:6)
  8 porcupines
  2 phantoms
  5 ice beasts
  27 orc warriors
  A black bear (D:10)
  33 ogres
  5 sky beasts
  5 wolves (Lair:6)
  4 centaurs
  An eye of draining (D:13)
  20 crocodiles
  23 bullfrogs
  2 big kobolds
  Dowan (D:6)
  8 scorpions
  3 wights (D:9)
  18 killer bees
  A howler monkey (D:3)
  2 electric eels (Lair:6)
  9 crimson imps
  A gnoll shaman (D:6)
  A quasit (D:6)
  18 orc priests
  7 hounds
  3 iguanas
  4 jellies
  24 orc wizards
  Jessica (D:2)
  A bullfrog skeleton (D:4)
  7 worker ants
  Terence (D:3)
  Robin (D:2)
  A howler monkey zombie (D:7)
  A worker ant zombie (D:5)
  7 gnolls
  2 river rats (Sewer)
  15 adders
  3 shadow imps
  6 oozes
  2 worms
  2 dart slugs (D:1)
  6 leopard geckos
  82 orcs
  5 giant cockroaches
  17 goblins
  10 hobgoblins
  5 jackals
  16 kobolds
  4 quokkas
  9 ball pythons
  11 bats
  7 frilled lizards
  A jackal skeleton (D:4)
  A quokka zombie (D:4)
  29 rats
  A bush (Lair:6)
  8 fungi
  70 plants
944 creatures vanquished.

Vanquished Creatures (others)
  A two-headed ogre (Orc:2)
  A harpy (Shoals:2)
  A redback (Spider:2)
  A tarantella (Spider:1)
  A slave (D:6)
  A sky beast (D:6)
  An orc warrior (Orc:2)
  A centaur (D:12)
  An orc (D:12)
  A giant cockroach (D:6)
  34 fungi
  39 plants
  4 tentacles (Shoals:3)
87 creatures vanquished.

Grand Total: 1031 creatures vanquished

Notes
Turn   | Place    | Note
-------+----------+-------------------------------------------
     0 | D:1      | GreaterElenko the Felid Earth Elementalist began the quest
                  | for the Orb.
     0 | D:1      | Reached XP level 1. HP: 7/7 MP: 4/4
   333 | D:1      | Reached XP level 2. HP: 9/12 MP: 3/6
  1052 | D:1      | Reached XP level 3. HP: 9/15 MP: 3/7
  1305 | D:2      | Reached skill level 1 in Fighting
  1329 | D:2      | Noticed Robin
  1382 | D:2      | Killed Robin
  1651 | D:2      | Reached XP level 4. HP: 19/19 MP: 8/8
  1658 | D:2      | Learned a level 3 spell: Stone Arrow
  1699 | D:2      | Found a blossoming altar of Fedhas.
  1960 | D:2      | Reached skill level 1 in Conjurations
  2007 | D:2      | Noticed Jessica
  2012 | D:2      | Killed Jessica
  2012 | D:2      | Reached XP level 5. HP: 22/22 MP: 7/9
  2736 | D:3      | Noticed Sigmund
  2740 | D:3      | Killed Sigmund
  2740 | D:3      | Gained mutation: You are covered in thick fur. (AC +2)
                  | [Felid growth]
  2740 | D:3      | Reached XP level 6. HP: 25/25 MP: 6/11
  3131 | D:3      | Noticed Terence
  3134 | D:3      | Killed Terence
  3498 | D:4      | Reached XP level 7. HP: 28/28 MP: 5/12
  3539 | D:4      | Found an opulent altar of Gozag.
  3705 | D:4      | Found a transporter.
  3706 | D:4      | Found a transporter.
  3707 | D:4      | Noticed PentaManta's ghost (amateur KoHu)
  4152 | D:4      | Reached skill level 5 in Stealth
  4510 | D:5      | Entered Level 5 of the Dungeon
  4512 | D:5      | Reached skill level 5 in Dodging
  4513 | D:5      | Found an opulent altar of Gozag.
  4513 | D:5      | Found a snail-covered altar of Cheibriados.
  4688 | D:5      | Reached skill level 5 in Earth Magic
  4938 | D:5      | Reached XP level 8. HP: 32/32 MP: 0/14
  5173 | D:5      | Found a bloodstained altar of Trog.
  5223 | D:5      | Found a radiant altar of Vehumet.
  5226 | D:5      | Found a glowing golden altar of the Shining One.
  5229 | D:5      | Found a white marble altar of Elyvilon.
  5446 | D:6      | Noticed Duvessa
  5446 | D:6      | Noticed Dowan
  5712 | D:6      | Found an ancient bone altar of Kikubaaqudgha.
  5966 | D:6      | Found a glowing drain.
  5966 | D:6      | Noticed Pikel
  5983 | D:6      | Killed Pikel
  6014 | Sewer    | Entered a sewer
  6691 | Sewer    | Reached XP level 9. HP: 37/37 MP: 9/16
  6925 | D:6      | Killed Duvessa
  6931 | D:6      | Killed Dowan
  7168 | D:6      | Noticed Prince Ribbit
  7285 | D:6      | Killed Prince Ribbit
  7285 | D:6      | Reached skill level 5 in Spellcasting
  7314 | D:6      | Found a staircase to the Ecumenical Temple.
  7314 | D:6      | Found Ecriut's Jewellery Shop.
  7335 | Temple   | Entered the Ecumenical Temple
  7390 | Temple   | Became a worshipper of Ru the Awakened
  7455 | D:6      | Found a hazy altar of Hepliaklqana.
  7868 | D:7      | Found a huge runed translucent gate.
  7868 | D:7      | Noticed a polar bear
  8188 | D:7      | Learned a level 5 spell: Lee's Rapid Deconstruction
  8403 | D:7      | Found a huge runed translucent gate.
  8403 | D:7      | Found a huge runed translucent gate.
  8403 | D:7      | Found a huge runed translucent gate.
  8403 | D:7      | Noticed a manticore
  8403 | D:7      | Noticed a polar bear
  8403 | D:7      | Noticed a polar bear
  8403 | D:7      | Noticed a death yak
  8403 | D:7      | Noticed a polar bear
  8403 | D:7      | Noticed a polar bear
  8404 | D:7      | Noticed a polar bear
  8404 | D:7      | Noticed a polar bear
  8404 | D:7      | Noticed a polar bear
  8762 | D:7      | Found Jeahubus's Distillery.
  8768 | D:7      | Bought a potion of heal wounds for 50 gold pieces
  8997 | D:7      | Learned a level 4 spell: Petrify
  9127 | D:8      | Found Laicibats's Food Emporium.
  9213 | D:8      | Reached XP level 10. HP: 27/43 MP: 1/19
  9385 | D:8      | Noticed a two-headed ogre
  9393 | D:8      | Killed a two-headed ogre
  9653 | D:8      | Found a staircase to the Lair.
  9782 | D:8      | Reached skill level 5 in Fighting
  9882 | D:8      | Noticed Psyche
  9891 | D:8      | Killed Psyche
 10027 | D:8      | Gained mutation: You are somewhat inexperienced. (-2 XL)
                  | [Ru sacrifice]
 10027 | D:8      | Reached XP level 9. HP: 40/40 MP: 15/19
 10027 | D:8      | Reached XP level 8. HP: 37/37 MP: 15/18
 10027 | D:8      | Reached * piety under Ru
 10027 | D:8      | Reached ** piety under Ru
 10041 | D:8      | Noticed Joseph
 10886 | D:9      | Noticed Maurice
 10898 | D:9      | Killed Maurice
 10898 | D:9      | Reached XP level 9. HP: 40/40 MP: 1/19
 11608 | D:10     | Entered Level 10 of the Dungeon
 11632 | D:10     | Found a hide-covered altar of Uskayaw.
 12125 | D:10     | Gained mutation: You are hated by all. [Ru sacrifice]
 12125 | D:10     | Reached *** piety under Ru
 12125 | D:10     | Reached **** piety under Ru
 12167 | D:10     | Reached skill level 10 in Stealth
 12168 | D:10     | Reached XP level 10. HP: 45/45 MP: 0/20
 13373 | D:8      | Killed Joseph
 13570 | D:8      | Found an iron altar of Okawaru.
 13607 | D:8      | Found Ophaomp's Magic Scroll Shop.
 13610 | D:8      | Found Vori's Food Shop.
 13674 | D:8      | Found Bireifua's Weapon Boutique.
 13857 | D:8      | Found Ischeury's Weapon Shoppe.
 13881 | D:8      | Reached skill level 10 in Earth Magic
 13914 | D:8      | Learned a level 2 spell: Passwall
 14021 | D:6      | Bought the ring "Roggalib" {rC+ AC+2 Str+2 Slay+2} for 512
                  | gold pieces
 14102 | Lair:1   | Entered Level 1 of the Lair of Beasts
 14166 | Lair:1   | Noticed a spiny frog
 14171 | Lair:1   | Killed a spiny frog
 14171 | Lair:1   | Reached skill level 10 in Dodging
 14615 | Lair:1   | Gained mutation: You cannot train Dodging skill. [Ru
                  | sacrifice]
 14615 | Lair:1   | Reached ***** piety under Ru
 14652 | Lair:1   | Noticed a spiny frog
 14659 | Lair:1   | Killed a spiny frog
 14888 | Lair:1   | Noticed a spiny frog
 14894 | Lair:1   | Killed a spiny frog
 15265 | Lair:2   | Reached XP level 11. HP: 21/50 MP: 1/22
 15739 | Lair:2   | Noticed a death yak
 15740 | Lair:2   | Noticed a death yak
 15841 | Lair:2   | Noticed a death yak
 15842 | Lair:2   | Noticed a death yak
 15842 | Lair:2   | Noticed a death yak
 15842 | Lair:2   | Noticed a death yak
 15863 | Lair:2   | Killed a death yak
 15869 | Lair:2   | Killed a death yak
 15887 | Lair:2   | Killed a death yak
 15960 | Lair:2   | Killed a death yak
 15960 | Lair:2   | Killed a death yak
 16040 | Lair:2   | Killed a death yak
 16308 | Lair:2   | Noticed a four-headed hydra
 16311 | Lair:2   | Noticed a four-headed hydra
 16312 | Lair:2   | Killed a four-headed hydra
 16314 | Lair:2   | Killed a four-headed hydra
 16769 | Lair:3   | Noticed Sonja
 16770 | Lair:3   | Noticed Sonja
 16770 | Lair:3   | Sonja changed into Sonja the hog
 16774 | Lair:3   | Killed Sonja the hog
 17017 | Lair:3   | Reached skill level 1 in Evocations
 17023 | Lair:3   | Gained mutation: You are weak. (Str -2) [Ru sacrifice]
 17023 | Lair:3   | Reached ****** piety under Ru
 17043 | Lair:3   | Gained mutation: Your thick and shaggy fur keeps you warm.
                  | (AC +3, rC+) [Felid growth]
 17043 | Lair:3   | Reached XP level 12. HP: 36/58 MP: 1/23
 17847 | Lair:3   | Reached skill level 10 in Fighting
 18373 | Lair:4   | Found a staircase to the Shoals.
 18928 | Lair:4   | Found a hole to the Spider Nest.
 19413 | Lair:5   | You fall through a shaft!
 19413 | Lair:6   | Entered Level 6 of the Lair of Beasts
 20073 | Lair:5   | Noticed Snorg
 20351 | Lair:5   | Noticed a six-headed hydra
 20356 | Lair:5   | Killed a six-headed hydra
 20539 | Lair:5   | Found a runed translucent door.
 20540 | Lair:5   | Found a viscous altar of Jiyva.
 20541 | Lair:5   | Found a staircase to the Slime Pits.
 20547 | Lair:5   | Killed Snorg
 20547 | Lair:5   | Reached XP level 13. HP: 63/63 MP: 9/24
 20947 | D:10     | Noticed Harold
 21028 | D:10     | Killed Harold
 21028 | D:10     | Reached skill level 5 in Evocations
 21240 | D:11     | Found Roamp's Changing Room.
 22727 | D:11     | Learned a level 3 spell: Ozocubu's Armour
 23003 | D:11     | Reached skill level 1 in Charms
 23399 | D:12     | Reached skill level 1 in Ice Magic
 23603 | D:12     | Found Hutuesyo's Armour Boutique.
 23844 | D:12     | Found a staircase to the Orcish Mines.
 24484 | Orc:1    | Entered Level 1 of the Orcish Mines
 25515 | Orc:1    | Noticed an ettin
 25742 | Orc:1    | Killed an ettin
 25961 | Orc:1    | Found a roughly hewn altar of Beogh.
 25962 | Orc:1    | You fall through a shaft!
 25962 | Orc:2    | Entered Level 2 of the Orcish Mines
 26625 | Orc:1    | Reached skill level 5 in Charms
 27394 | Orc:2    | Found Healet Eche's Gadget Shoppe.
 27394 | Orc:2    | Found Pishu's Weapon Shop.
 27395 | Orc:2    | Found Oxikliuk's Armour Shop.
 27395 | Orc:2    | Found Taco's Antique Armour Emporium.
 27396 | Orc:2    | Reached XP level 14. HP: 69/69 MP: 25/25
 27767 | Orc:2    | Found a bloodstained altar of Trog.
 28390 | Orc:2    | Found a staircase to the Elven Halls.
 28407 | Orc:2    | Noticed an orc warlord
 28418 | Orc:2    | Killed an orc warlord
 28983 | Orc:2    | Reached skill level 15 in Stealth
 29954 | Orc:2    | Bought a lamp of fire for 520 gold pieces
 29954 | Orc:2    | Bought a wand of iceblast (13) for 221 gold pieces
 30586 | Orc:1    | Noticed an orc warlord
 30813 | Orc:1    | Killed an orc warlord
 31587 | D:13     | Identified a scroll of acquirement
 31650 | D:13     | Learned a level 4 spell: Olgreb's Toxic Radiance
 32050 | D:13     | Reached skill level 1 in Poison Magic
 33131 | Lair:6   | Reached XP level 15. HP: 42/75 MP: 26/26
 36328 | Shoals:1 | Entered Level 1 of the Shoals
 36364 | Shoals:1 | Reached skill level 5 in Poison Magic
 36512 | Shoals:1 | Found Ysmat's Weapon Shoppe.
 37120 | Shoals:1 | Found a runed translucent gate.
 37121 | Shoals:1 | Found a runed translucent gate.
 37128 | Shoals:1 | Found an opulent altar of Gozag.
 37440 | Shoals:1 | Found a runed translucent gate.
 37441 | Shoals:1 | Noticed Witt's ghost (adept GrFi)
 37533 | Shoals:1 | Found Obuorama's Assorted Antiques.
 37535 | Shoals:1 | Found Falenythua's Assorted Antiques.
 40298 | Shoals:2 | Found a transporter.
 40911 | Shoals:2 | Found a transporter.
 43556 | Shoals:3 | Noticed a kraken
 44229 | Shoals:4 | Entered Level 4 of the Shoals
 45604 | Shoals:4 | Reached XP level 16. HP: 72/80 MP: 20/28
 46030 | Spider:1 | Entered Level 1 of the Spider Nest
 46044 | Spider:1 | Reached skill level 15 in Fighting
 46448 | Spider:1 | HP: 2/81 [demonic crawler (7)]
 46851 | Shoals:4 | Mangled by an alligator snapping turtle
 46852 | Shoals:4 | Reached XP level 15. HP: -9/77 MP: 21/28
 48894 | Spider:1 | Slain by a demonic crawler
 48895 | Spider:1 | Reached XP level 14. HP: -3/73 MP: 2/28
 48898 | Spider:1 | Learned a level 2 spell: Blink
 48940 | Spider:2 | Noticed an emperor scorpion
 49352 | Spider:2 | Killed an emperor scorpion
 49363 | Spider:2 | Demolished by a spark wasp

Skill      XL: |  1  2  3  4  5  6  7  8  9 10 11 12 13 14 15 16 |
---------------+-------------------------------------------------+-----
Stealth        | 3 4 5 7 10 9 12 13 14 15 | 15.0
Dodging        | 3 4 5 6 9 0 |  0.0
Earth Magic    | 3 4 5 9 8 10 11 12 14 | 14.1
Fighting       | 1 3 4 7 9 11 12 14 15 | 15.4
Conjurations   | 1 2 3 4 |  4.0
Spellcasting   | 3 4 5 7 9 8 |  9.4
Evocations     | 1 4 6 7 8 |  8.7
Charms         | 5 6 |  6.0
Ice Magic      | 4 |  4.0
Poison Magic   | 2 6 |  6.3
Transmutations | |  1.1

Action                   |  1- 3 |  4- 6 |  7- 9 | 10-12 | 13-15 | 16-18 || total
-------------------------+-------+-------+-------+-------+-------+-------++-------
Melee: Unarmed           |   119 |   160 |   160 |    77 |   123 |     5 ||   644
       Bite              |    13 |     9 |    16 |     9 |    14 |     1 ||    62
 Cast: Sandblast         |    19 |    45 |   164 |    55 |   268 |     1 ||   552
       Stone Arrow       |       |    14 |   136 |   242 |   560 |     5 ||   957
       Lee's Rapid Decon |       |       |    14 |    26 |   109 |     1 ||   150
       Ozocubu's Armour  |       |       |       |       |     2 |       ||     2
       Olgreb's Toxic Ra |       |       |       |       |    37 |     5 ||    42
       Petrify           |       |       |       |       |    12 |       ||    12
Invok: Sacrifice Experie |       |       |     1 |       |       |       ||     1
       Sacrifice Love    |       |       |     1 |       |       |       ||     1
       Sacrifice Nimblen |       |       |       |     1 |       |       ||     1
       Apocalypse        |       |       |       |     7 |    30 |     5 ||    42
       Draw Out Power    |       |       |       |     2 |     9 |       ||    11
       Sacrifice Purity  |       |       |       |     1 |       |       ||     1
Evoke: Wand              |       |       |     2 |     9 |    36 |     1 ||    48
  Use: Scroll            |     4 |     5 |    11 |     7 |    17 |     1 ||    45
       Potion            |       |       |       |       |     3 |     1 ||     4
 Stab: Sleeping          |     4 |     3 |     2 |       |       |       ||     9
       Distracted        |     1 |       |       |       |     1 |       ||     2
       Paralysed         |       |       |     1 |     9 |    25 |     4 ||    39
       Invisible         |       |       |       |     2 |       |       ||     2
       Petrified         |       |       |       |       |     8 |       ||     8
       Petrifying        |       |       |       |       |     1 |       ||     1
  Eat: Chunk             |     9 |     5 |    26 |    30 |   103 |     3 ||   176
       Ration            |       |       |       |       |     1 |       ||     1
Armor: Skin              |     6 |     6 |     7 |     9 |    48 |     1 ||    77
Dodge: Dodged            |   103 |   180 |   254 |   133 |   412 |    28 ||  1110
